 Dungeon Crawl Stone Soup version 0.21.1-1-g345015f (webtiles) character file.

52 letownia2 the Charmwright (level 3, -1/27 HPs)
             Began as a Merfolk Skald on Mar 14, 2018.
             Shot with an arrow by a centaur (17 damage)
             ... on level 3 of the Dungeon.
             The game lasted 00:03:34 (508 turns).

letownia2 the Charmwright (Merfolk Skald)            Turns: 508, Time: 00:03:35

Health: -1/27      AC:  3    Str: 11    XL:     3   Next: 85%
Magic:  1/6        EV: 12    Int: 18    God:
Gold:   57         SH:  0    Dex: 13    Spells: 0/6 levels left

rFire    . . .     SeeInvis .   a - +0 spear
rCold    . . .     Gourm    .   (no shield)
rNeg     . . .     Faith    .   b - +0 leather armour
rPois    .         Spirit   .   (no helmet)
rElec    .         Reflect  .   (no cloak)
rCorr    .         Harm     .   (no gloves)
MR       .....                  (no boots)
Stlth    +.........             (no amulet)
HPRegen  0.09/turn              (no ring)
MPRegen  0.10/turn              (no ring)

@: brilliant, infused, very slightly contaminated
A: change form in water, swift swim, stealthy swim
a: no special abilities


You were on level 3 of the Dungeon.
You were not hungry.

You visited 1 branch of the dungeon, and saw 4 of its levels.

You collected 57 gold pieces.

Inventory:

Hand Weapons
 a - a +0 spear (weapon)
 h - a +0 hunting sling
Missiles
 i - 25 stones (quivered)
Armour
 b - a +0 leather armour (worn)
Scrolls
 g - a scroll of immolation {unknown}
Potions
 f - a potion of degeneration {unknown}
Books
 c - a book of Battle

   Spells                             Type                      Level
   a - Infusion                       Charms                       1
   b - Shroud of Golubria             Charms/Translocation         2
   c - Song of Slaying                Charms                       2
   d - Spectral Weapon                Hexes/Charms                 3
   e - Regeneration                   Charms/Necromancy            3
Comestibles
 d - 3 rations


   Skills:
 - Level 2.1 Fighting
 - Level 3.0 Polearms
 - Level 0.6 Armour
 - Level 2.6 Dodging
 - Level 2.0 Spellcasting
 * Level 0.8 Hexes
 + Level 4.4 Charms
 - Level 1.3 Translocations


You couldn't memorise any spells.
You knew the following spells:

 Your Spells              Type           Power        Failure   Level  Hunger
a - Infusion              Chrm           ####         1%          1    #......
t - Shroud of Golubria    Chrm/Tloc      ###.......   1%          2    ###....
x - Spectral Weapon       Hex/Chrm       ###.....     3%          3    ###....


Dungeon Overview and Level Annotations

Branches:
Dungeon (4/15)
 Temple: D:4-7

Altars:
Gozag


Message History

The centaur wields a shortbow.
The centaur shoots an arrow.
The arrow barely misses you.
The centaur shoots an arrow.
The arrow barely misses you.
A bat comes into view.
Okay, then.
It was a potion of brilliance.
You feel clever all of a sudden.
The centaur shoots an arrow.
The arrow misses you.
You hear a shout!
An adder comes into view.
The bat hits you.
You see here a stone.
The bat barely misses you.
The centaur shoots an arrow.
The arrow hits you.
You see here an arrow.
The bat closely misses you. The bat closely misses you.
The giant cockroach barely misses you.
The centaur shoots an arrow.
The arrow hits you!
Ouch! That really hurt!
You die...

. .......S. #> #.....c.. #.
###.##........ #. ........... #.
### ##.....## .## #.. ##..(..).#
..# #.# . #........###### #.#
#.##. .........(.Sbs..# #.#
#.... ..........(.###@# ###.####
#).#
.##.##......c...###......###..##
#........(..........##....(.†.
####.#.....#..###.##.#..######
...##..%##..# #.#.....# #.. ####
#.......# #.##.#..# #...
######### #.......# #...
###.###..# #... #.....#..# ##..


You could see a centaur, an adder, a giant cockroach and a bat.

Vanquished Creatures
  An adder (D:2)
  A worm (D:3)
  A dart slug (D:3)
  A leopard gecko (D:3)
  An orc (D:3)
  6 bats
  A giant cockroach (D:3)
  5 goblins
  5 hobgoblins
  3 jackals
  2 kobolds
  A quokka (D:2)
  3 frilled lizards
  3 rats
34 creatures vanquished.

Notes
Turn   | Place    | Note
-------+----------+-------------------------------------------
     0 | D:1      | letownia2 the Merfolk Skald began the quest for the Orb.
     0 | D:1      | Reached XP level 1. HP: 16/16 MP: 3/3
    71 | D:2      | Reached XP level 2. HP: 22/22 MP: 0/5
   106 | D:2      | Reached skill level 4 in Charms
   111 | D:2      | Learned a level 2 spell: Shroud of Golubria
   229 | D:2      | Reached skill level 1 in Translocations
   229 | D:2      | Reached XP level 3. HP: 22/27 MP: 0/6
   234 | D:2      | Learned a level 3 spell: Spectral Weapon
   424 | D:3      | Found an opulent altar of Gozag.
   499 | D:3      | Noticed a centaur
   508 | D:3      | Shot with an arrow by a centaur

Skill      XL: |  1  2 |
---------------+-------+-----
Charms         | 4 |  4.4
Translocations | 1 |  1.3
Fighting       | |  2.1
Polearms       | |  3.0
Armour         | |  0.6
Dodging        | |  2.6
Spellcasting   | |  2.0
Hexes          | |  0.8

Action                   || total
-------------------------++-------
Melee: Spear             ||   100
 Cast: Infusion          ||    10
       Shroud of Golubri ||     1
  Use: Potion            ||     1
 Stab: Sleeping          ||     2
Armor: Leather armour    ||    18
Dodge: Dodged            ||    74
